 Dungeon Crawl Stone Soup version 0.21.1-1-g345015fe64 (webtiles) character file.

14326 Peloso the Carver (level 11, -12/97 HPs)
             Began as a Minotaur Fighter on July 4, 2018.
             Was a High Priest of Okawaru.
             Killed from afar by a deep elf mage (24 damage)
             ... with a bolt of lightning
             ... on level 12 of the Dungeon.
             The game lasted 00:23:25 (10219 turns).

Peloso the Carver (Minotaur Fighter)               Turns: 10219, Time: 00:23:26

Health: -12/97     AC: 17    Str: 23    XL:     11   Next: 87%
Magic:  10/10      EV:  8    Int:  5    God:    Okawaru [*****.]
Gold:   657        SH: 18    Dex: 11    Spells: 10/10 levels left

rFire    + . .     SeeInvis .   a - +2 falchion (elec)
rCold    + . .     Gourm    .   c - +0 shield
rNeg     + . .     Faith    .   b - -1 plate armour
rPois    .         Spirit   .   p - +2 hat
rElec    .         Reflect  +   L - scarf {rC+ rF+}
rCorr    .         Harm     .   d - +1 pair of gloves
MR       .....                  (no boots)
Stlth    ..........             D - +5 amulet of reflection
HPRegen  0.26/turn              u - ring of stealth
MPRegen  0.12/turn              y - ring of positive energy

@: no status effects
A: retaliatory headbutt, horns 2
a: Heroism, Finesse, Renounce Religion


You were on level 12 of the Dungeon.
You worshipped Okawaru.
Okawaru was extremely pleased with you.
You were not hungry.

You visited 2 branches of the dungeon, and saw 13 of its levels.

You collected 657 gold pieces.

Inventory:

Hand Weapons
 a - a +2 falchion of electrocution (weapon)
 I - a -1 spear of flaming
 J - a +3 long sword
Armour
 b - a -1 plate armour (worn)
 c - a +0 shield (worn)
 d - a +1 pair of gloves (worn)
 p - a +2 hat (worn)
 L - a scarf of resistance (worn)
Jewellery
 u - a ring of stealth (left hand)
 w - an uncursed ring of ice
 y - a ring of positive energy (right hand)
 D - a +5 amulet of reflection (around neck)
Wands
 x - a wand of paralysis (5)
 E - a wand of disintegration (12)
Scrolls
 e - 3 scrolls of magic mapping
 i - 3 scrolls of enchant weapon
 j - 3 scrolls of fear
 l - 4 scrolls of teleportation
 m - 3 scrolls of identify
 n - 3 scrolls of remove curse
 r - 2 scrolls of amnesia {unknown}
 A - a scroll of blinking {unknown}
 K - a scroll of enchant armour {unknown}
Potions
 g - 11 potions of degeneration
 h - a potion of cancellation
 k - 2 potions of haste
 o - a potion of brilliance
 q - 4 potions of curing
 t - a potion of mutation
 v - a potion of magic
 z - 5 potions of might
 B - a potion of lignification {unknown}
 C - a potion of agility {unknown}
 G - a potion of berserk rage
 H - a potion of flight {unknown}
Books
 s - Jessica's Handbook of Enhancements
   (You found it on level 3 of the Dungeon)

   Spells                             Type                      Level
   a - Infusion                       Charms                       1
 F - a book of Frost

   Spells                             Type                      Level
   a - Freeze                         Ice                          1
   b - Throw Frost                    Conjuration/Ice              2
   c - Ozocubu's Armour               Charms/Ice                   3
   d - Throw Icicle                   Conjuration/Ice              4
   e - Summon Ice Beast               Ice/Summoning                4
Comestibles
 f - 23 rations
 M - 6 chunks of flesh


   Skills:
 + Level 9.5 Fighting
 + Level 13.3 Long Blades
 + Level 9.9 Armour
 + Level 3.0 Dodging
 + Level 0.5 Stealth
 + Level 13.2 Shields
 + Level 1.1 Invocations


You had 10 spell levels left.
You didn't know any spells.

Dungeon Overview and Level Annotations

Branches:
Dungeon (12/15)            Temple (1/1) D:5            Lair (0/6) D:8
    Orc (0/2) D:11

Altars:
Ashenzari
Cheibriados
Dithmenos
Fedhas
Gozag
Hepliaklqana
Kikubaaqudgha
Makhleb
Nemelex Xobeh
Okawaru
Qazlal
Ru
Sif Muna
Trog
Uskayaw
Vehumet
Wu Jian
Yredelemnul
Zin

Shops:
D:6 [   D:7 :   D:11 (


Innate Abilities, Weirdness & Mutations

You reflexively headbutt those who attack you in melee.
You have a pair of horns on your head.


Message History

You closely miss the deep elf mage.
The deep elf mage is severely wounded.
You block the deep elf mage's attack.
You closely miss the deep elf mage. Your headbutt misses the deep elf mage.
The deep elf mage is severely wounded.
You hit the deep elf mage.
The deep elf mage is severely wounded.
The deep elf mage points at you and mumbles some strange words.
The bolt of lightning hits you!
* * * LOW HITPOINT WARNING * * *
Your plate armour prevents you from hitting the deep elf mage.
The deep elf mage is severely wounded.
Your plate armour prevents you from hitting the deep elf mage.
The deep elf mage is severely wounded.
The deep elf mage hits you but does no damage.
You completely miss the deep elf mage. Your headbutt misses the deep elf mage.
The deep elf mage is severely wounded.
The deep elf mage points at you and mumbles some strange words.
The bolt of lightning hits you!
You die...

#.##...^..#
#.#####..
#.####.##.# #.# #.#
#.##.###.###
#.####.##........
#................
######..#..###..
##.#..# #.# #.#..#
#e# ###.#.>###@#
#........##.#
#...........#
#..#.##..##...#
...#.##..##.......
#..#.##.....###...<
...##.. ..#
##...... ..
##.##... #


You could see a deep elf mage.

Vanquished Creatures
  Fannar (D:10)
  Erolcha (D:11)
  4 two-headed ogres
  The ghost of test1 the Grappler, a novice TrHu of Uskayaw (D:5)
  A manticore (D:12)
  Joseph (D:10)
  A gargoyle (D:11)
  A merfolk (D:10)
  3 hippogriffs
  A spriggan (D:10)
  4 yaks (D:9)
  Grum (D:11)
  A hungry ghost (D:5)
  A wraith (D:11)
  Eustachio (D:4)
  A porcupine (D:8)
  A swamp drake (D:11)
  2 ice beasts
  5 orc warriors
  4 necrophages
  3 sky beasts
  2 phantoms
  2 black bears
  3 wolves (D:11)
  12 centaurs
  2 ogres
  3 big kobolds
  8 bullfrogs
  4 scorpions
  5 killer bees (D:10)
  4 howler monkeys
  10 wights (D:9)
  6 crimson imps
  A bullfrog zombie (D:10)
  3 hounds
  A jelly (D:10)
  7 orc priests
  2 quasits
  12 orc wizards
  2 centaur skeletons
  Jessica (D:3)
  2 bullfrog skeletons
  10 worker ants
  2 hound zombies
  A hound skeleton (D:10)
  A howler monkey skeleton (D:4)
  A worker ant zombie (D:9)
  15 adders
  3 shadow imps
  3 oozes
  2 adder skeletons
  An adder zombie (D:8)
  2 worms
  A dart slug (D:4)
  7 leopard geckos
  46 orcs
  5 giant cockroaches
  4 goblins
  4 hobgoblins
  19 jackals
  18 kobolds
  3 quokkas
  4 ball pythons
  6 bats
  A frilled lizard (D:1)
  A leopard gecko zombie (D:6)
  A quokka skeleton (D:4)
  5 rats
297 creatures vanquished.

Vanquished Creatures (others)
  A centaur (D:11)
  A quokka (D:11)
2 creatures vanquished.

Grand Total: 299 creatures vanquished

Notes
Turn   | Place    | Note
-------+----------+-------------------------------------------
     0 | D:1      | Peloso the Minotaur Fighter began the quest for the Orb.
     0 | D:1      | Reached XP level 1. HP: 19/19 MP: 0/0
   265 | D:1      | Reached XP level 2. HP: 26/27 MP: 1/1
   799 | D:2      | Reached XP level 3. HP: 33/33 MP: 2/2
  1273 | D:2      | Reached XP level 4. HP: 20/41 MP: 3/3
  1994 | D:3      | Reached XP level 5. HP: 45/47 MP: 4/4
  2300 | D:3      | Noticed Jessica
  2305 | D:3      | Killed Jessica
  2350 | D:3      | Identified Jessica's Handbook of Enhancements
  2546 | D:4      | Reached skill level 5 in Armour
  2583 | D:4      | Reached skill level 5 in Shields
  2625 | D:4      | Found a bloodstained altar of Trog.
  2641 | D:4      | Reached skill level 5 in Long Blades
  2641 | D:4      | Reached XP level 6. HP: 50/53 MP: 5/5
  2687 | D:4      | Noticed Eustachio
  2721 | D:4      | Killed Eustachio
  2815 | D:4      | Noticed a two-headed ogre
  2857 | D:4      | Killed a two-headed ogre
  2857 | D:4      | Reached skill level 5 in Fighting
  2857 | D:4      | Reached skill level 1 in Dodging
  2857 | D:4      | Reached XP level 7. HP: 33/62 MP: 6/6
  2857 | D:4      | Reached XP level 8. HP: 37/70 MP: 7/7
  3160 | D:4      | Noticed a two-headed ogre
  3173 | D:4      | Killed a two-headed ogre
  3196 | D:4      | Found a shadowy altar of Dithmenos.
  3676 | D:5      | Entered Level 5 of the Dungeon
  3718 | D:5      | Found a deep blue altar of Sif Muna.
  3735 | D:5      | Reached XP level 9. HP: 69/78 MP: 8/8
  3747 | D:5      | Reached skill level 10 in Long Blades
  3804 | D:5      | Found a staircase to the Ecumenical Temple.
  3831 | Temple   | Entered the Ecumenical Temple
  3837 | Temple   | Became a worshipper of Warmaster Okawaru
  3878 | D:5      | Noticed test1's ghost (novice TrHu)
  3893 | D:5      | Killed test1's ghost
  4574 | D:6      | Found Ceyrhos's Armour Emporium.
  4733 | D:6      | Reached * piety under Okawaru
  5111 | D:7      | Found Biatythra's Book Shop.
  5426 | D:7      | Reached XP level 10. HP: 79/86 MP: 9/9
  5894 | D:8      | Found a staircase to the Lair.
  6141 | D:8      | Found a hide-covered altar of Uskayaw.
  6144 | D:8      | Found a sacrificial altar of Ru.
  6147 | D:8      | Found a radiant altar of Vehumet.
  6354 | D:9      | Reached ** piety under Okawaru
  6372 | D:9      | Found an opulent altar of Gozag.
  6549 | D:9      | Reached skill level 10 in Shields
  6859 | D:9      | Reached *** piety under Okawaru
  7069 | D:9      | Noticed a two-headed ogre
  7078 | D:9      | Killed a two-headed ogre
  7199 | D:10     | Entered Level 10 of the Dungeon
  7200 | D:10     | Noticed Fannar
  7220 | D:10     | Killed Fannar
  7220 | D:10     | Reached **** piety under Okawaru
  7220 | D:10     | Reached XP level 11. HP: 93/95 MP: 8/10
  7462 | D:10     | Noticed a two-headed ogre
  7470 | D:10     | Killed a two-headed ogre
  7589 | D:10     | Noticed Joseph
  7606 | D:10     | Killed Joseph
  7606 | D:10     | Reached ***** piety under Okawaru
  8310 | D:10     | Reached skill level 1 in Invocations
  9087 | D:11     | Found a staircase to the Orcish Mines.
  9279 | D:11     | Noticed Erolcha
  9289 | D:11     | Killed Erolcha
  9460 | D:11     | Found Hyhecr Puesch's Antique Weapon Shoppe.
  9510 | D:11     | Noticed Grum
  9526 | D:11     | Killed Grum
  9785 | D:11     | Received a gift from Okawaru
 10204 | D:12     | Noticed a deep elf mage
 10219 | D:12     | Killed from afar by a deep elf mage

Skill      XL: |  1  2  3  4  5  6  7  8  9 10 11 |
---------------+----------------------------------+-----
Armour         | 4 5 6 8 9 |  9.9
Fighting       | 4 5 6 7 8 9 |  9.5
Shields        | 4 5 6 7 9 10 13 | 13.2
Long Blades    | 3 4 5 7 9 11 12 13 | 13.3
Dodging        | 1 2 3 |  3.0
Invocations    | 1 |  1.1
Stealth        | |  0.5

Action                   |  1- 3 |  4- 6 |  7- 9 | 10-12 || total
-------------------------+-------+-------+-------+-------++-------
Melee: Long sword        |    80 |   180 |   253 |   445 ||   958
       Headbutt          |    11 |    31 |    57 |   130 ||   229
       Falchion          |       |       |       |   147 ||   147
Invok: Heroism           |       |       |       |     6 ||     6
  Use: Potion            |       |     1 |     2 |     1 ||     4
       Scroll            |       |       |     8 |     7 ||    15
  Eat: Chunk             |       |     7 |     7 |    16 ||    30
       Ration            |       |       |     1 |       ||     1
Armor: Scale mail        |    37 |     8 |       |       ||    45
       Chain mail        |       |    85 |    77 |    26 ||   188
       Plate armour      |       |       |       |   215 ||   215
Dodge: Dodged            |    28 |    54 |    49 |   115 ||   246
Block: Shield            |    55 |    98 |   141 |   478 ||   772
       Reflection        |       |       |       |    33 ||    33
       Rpst.: Long sword |     6 |    21 |    12 |    19 ||    58
       Falchion          |       |       |       |     8 ||     8
